 Dungeon Crawl Stone Soup version 0.19.1-1-g22dce08 (webtiles) character file.

347 Alarkh the Ruffian (level 6, -2/51 HPs)
             Began as a Ghoul Monk on Jan 8, 2017.
             Was a Believer of Okawaru.
             Slain by a worker ant (6 damage)
             ... on level 5 of the Dungeon.
             The game lasted 00:04:13 (3051 turns).

Alarkh the Ruffian (Ghoul Monk)                     Turns: 3051, Time: 00:04:14

Health: -2/51      AC:  4    Str: 15      XL:     6   Next: 59%
Magic:  5/5        EV: 12    Int: 11 (12) God:    Okawaru [**....]
Gold:   183        SH:  0    Dex: 11      Spells: 0 memorised, 5 levels left

rFire  + . .     SeeInvis .       - Unarmed
rCold  + + .     Gourm    .     a - +0 robe
rNeg   + + +     Faith    .     (no shield)
rPois  ∞         Spirit   .     (no helmet)
rElec  +         Reflect  .     (no cloak)
rCorr  +         Harm     .     (no gloves)
MR     .....                    u - +1 pair of boots
Stlth  +.........               (no amulet)
                                (no ring)
                                (no ring)

@: confused, brilliant, resistant, rotting
A: rotting body, claws 1, carnivore 3, cold resistance 1, negative energy
resistance 3, slow regeneration 1, torment resistance, unbreathing
a: Heroism, Renounce Religion


You were on level 5 of the Dungeon.
You worshipped Okawaru.
Okawaru was pleased with you.
You were not hungry.

You visited 2 branches of the dungeon, and saw 6 of its levels.

You collected 183 gold pieces.

Inventory:

Armour
 a - a +0 robe (worn)
 q - a +0 pair of gloves
 u - a +1 pair of boots (worn)
Scrolls
 c - 2 scrolls of magic mapping {unknown}
 d - a scroll of enchant armour {unknown}
 e - a scroll of identify
 f - 3 scrolls of teleportation
 h - 2 scrolls of remove curse {unknown}
 j - a scroll of fear {unknown}
 r - a scroll of enchant weapon {unknown}
Potions
 g - a potion of mutation
 l - a potion of brilliance
 p - a potion of experience {unknown}
 s - 2 potions of curing
 v - a potion of heal wounds {unknown}
Comestibles
 b - 4 meat rations
 i - a slice of pizza
 t - 8 chunks of flesh


   Skills:
 - Level 3.2 Fighting
 - Level 2.6 Dodging
 - Level 2.1 Stealth
 + Level 7.9 Unarmed Combat


You had 5 spell levels left.
You didn't know any spells.

Dungeon Overview and Level Annotations

Branches:
Dungeon (5/15)             Temple (1/1) D:5

Altars:
Ashenzari
Dithmenos
Elyvilon
Fedhas
Gozag
Hepliaklqana
Kikubaaqudgha
Makhleb
Nemelex Xobeh
Okawaru
Qazlal
Ru
Trog
Vehumet
Zin
The Shining One


Innate Abilities, Weirdness & Mutations

Your body is rotting away.
You thrive on raw meat.
You are immune to poison.
You have sharp fingernails.
You are carnivorous and can eat meat at any time.
Your flesh is cold resistant. (rC+)
You are immune to negative energy. (rN+++)
You regenerate slowly when monsters are visible.
You are immune to unholy pain and torment.
You can survive without breathing.


Message History

* * * LOW HITPOINT WARNING * * *
It was a potion of ambrosia.
You are confused.
You feel invigorated. The centaur hits you.
* * * LOW HITPOINT WARNING * * *
The centaur hits you.
* * * LOW HITPOINT WARNING * * *
The worker ant bites you but does no damage.
The centaur hits you.
* * * LOW HITPOINT WARNING * * *
The worker ant bites you.
* * * LOW HITPOINT WARNING * * *
The centaur hits you.
* * * LOW HITPOINT WARNING * * *
The worker ant barely misses you.
The centaur hits you but does no damage.
You barely miss the centaur.
The centaur is heavily wounded.
The worker ant bites you.
You die...

....... .........
........ #
........ #>
........
#####.###.....#.
......c.........
......a@..###.#
......###..##.#
..#
#..[........(.###
#.#
#.##......<####..
#.# # #..####..#
#.# #.# #.. ##.#
#.# #.# ..
.##..## #.###.#
#.# #.. .......#
#..##.# #.# .#.#
.......#
##.##.###.####


You could see a centaur and a worker ant.

Vanquished Creatures
  A sky beast (D:5)
  A crimson imp (D:5)
  An orc priest (D:3)
  An orc wizard (D:3)
  An iguana (D:5)
  2 adders (D:2)
  2 oozes
  2 worms
  4 dart slugs (D:1)
  6 leopard geckos
  5 orcs
  12 bats
  5 giant cockroaches
  7 goblins
  10 hobgoblins
  4 jackals
  A quokka (D:2)
  3 frilled lizards
  A giant cockroach zombie (D:5)
  8 kobolds
  8 rats
85 creatures vanquished.

Notes
Turn   | Place    | Note
-------+----------+-------------------------------------------
     0 | D:1      | Alarkh the Ghoul Monk began the quest for the Orb.
     0 | D:1      | Reached XP level 1. HP: 19/19 MP: 0/0
   184 | D:1      | Reached XP level 2. HP: 26/26 MP: 1/1
   191 | D:1      | Reached skill level 4 in Unarmed Combat
   306 | D:1      | Reached XP level 3. HP: 23/31 MP: 2/2
   684 | D:1      | Reached skill level 5 in Unarmed Combat
   798 | D:2      | Found an ancient bone altar of Kikubaaqudgha.
   845 | D:2      | Reached XP level 4. HP: 23/38 MP: 3/3
   882 | D:2      | Found an iron altar of Okawaru.
   911 | D:2      | Became a worshipper of Warmaster Okawaru
   911 | D:2      | Reached * piety under Okawaru
   911 | D:2      | Reached ** piety under Okawaru
  2446 | D:3      | Reached skill level 6 in Unarmed Combat
  2626 | D:3      | Reached XP level 5. HP: 40/45 MP: 4/4
  2662 | D:3      | Found a glowing silver altar of Zin.
  2739 | D:3      | You fall through a shaft for 2 floors!
  2739 | D:5      | Entered Level 5 of the Dungeon
  2751 | D:5      | Reached skill level 7 in Unarmed Combat
  2773 | D:5      | Reached XP level 6. HP: 46/51 MP: 5/5
  2788 | D:5      | Found a staircase to the Ecumenical Temple.
  2852 | Temple   | Entered the Ecumenical Temple
  2930 | D:5      | Noticed a sky beast
  2939 | D:5      | Killed a sky beast
  3049 | D:5      | HP: 1/51 [worker ant (4)]
  3051 | D:5      | Slain by a worker ant

Skill      XL: |  1  2  3  4  5 |
---------------+----------------+-----
Unarmed Combat | 4 5 6 7 |  7.9
Fighting       | |  3.2
Dodging        | |  2.6
Stealth        | |  2.1

Action                   |  1- 3 |  4- 6 || total
-------------------------+-------+-------++-------
Melee: Unarmed           |    92 |   178 ||   270
       Punch             |     1 |     2 ||     3
  Use: Scroll            |       |     3 ||     3
       Potion            |       |     6 ||     6
 Stab: Sleeping          |     4 |     7 ||    11
  Eat: Chunk             |    10 |     8 ||    18
Armor: Robe              |    24 |    39 ||    63
Dodge: Dodged            |    73 |   110 ||   183
